 Dungeon Crawl Stone Soup version 0.30-a0-808-g6e0788376e (webtiles) character file.

Game seed: 16144590123117819258

82 cforsyth the Sneak (level 4, 0/28 HPs)
             Began as a Kobold Brigand on Feb 25, 2023.
             Killed from afar by an orc wizard (9 damage)
             ... with a magic dart
             ... on level 3 of the Dungeon.
             The game lasted 00:02:01 (1536 turns).

cforsyth the Sneak (Kobold Brigand)                 Turns: 1536, Time: 00:02:02

Health: 0/28       AC:  4    Str:  5 (8)  XL:     4   Next: 70%
Magic:  4/4        EV: 15    Int: 11 (12) God:
Gold:   61         SH:  0    Dex: 15 (18) Spells: 3/3 levels left

rFire   . . .      SeeInvis .    a - +2 dagger
rCold   . . .      Faith    .    (no shield)
rNeg    . . .      Spirit   .    b - +0 robe
rPois   .          Reflect  .    (no helmet)
rElec   .          Harm     .    m - +1 cloak
rCorr   .          Rampage  .    (no gloves)
Will    .....                    (no boots)
Stlth   ++                       (no amulet)
HPRegen 0.24/turn                (no ring)
MPRegen 0.09/turn                (no ring)

@: confused, mighty
A: small, no large weapons, nightstalker 3
a: no special abilities


You were on level 3 of the Dungeon.
You visited 1 branch of the dungeon, and saw 3 of its levels.

You collected 61 gold pieces.

Inventory:

Hand Weapons
 a - a +2 dagger (weapon)
Missiles
 d - 15 poisoned darts (quivered)
 e - 3 curare-tipped darts
 f - 2 atropa-tipped darts
Armour
 b - a +0 robe (worn)
 c - a +0 cloak
 m - a +1 cloak (worn)
Scrolls
 g - 2 scrolls of identify {unknown}
 h - a scroll of magic mapping {unknown}
 k - a scroll of enchant weapon {unknown}
 l - a scroll of teleportation {unknown}
 n - a scroll of vulnerability {unknown}


   Skills:
 + Level 3.1 Fighting
 + Level 3.7 Short Blades
 - Level 2.1 Throwing
 + Level 2.6 Dodging
 + Level 6.1 Stealth


You had 3 spell levels left.
You didn't know any spells.
Your spell library contained the following spells:

 Spells                   Type           Power      Damage    Failure   Level
 Freeze                   Ice            0%         1d3       34%         1
 Summon Small Mammal      Summ           0%         N/A       34%         1
 Call Canine Familiar     Summ           0%         N/A       71%         3
 Frozen Ramparts          Ice            0%         1d1       71%         3
 Hailstorm                Conj/Ice       0%         3d3       71%         3
 Summon Guardian Golem    Hex/Summ       0%         N/A       71%         3
 Tukima's Dance           Hex            0%         N/A       71%         3
 Anguish                  Hex/Necr       0%         N/A       98%         4
 Ice Form                 Ice/Tmut       0%         N/A       98%         4
 Passage of Golubria      Tloc           0%         N/A       98%         4
 Summon Ice Beast         Ice/Summ       0%         N/A       98%         4
 Yara's Violent Unravell  Hex/Tmut       0%         3d3       100%        5
 Simulacrum               Ice/Necr       0%         N/A       100%        6
 Enfeeble                 Hex            0%         N/A       100%        7


Dungeon Overview and Level Annotations

Branches:
Dungeon (3/15)

Altars:
Kikubaaqudgha


Innate Abilities, Weirdness & Mutations

You are small and have problems with some larger weapons.
You are completely attuned to the shadows.


Message History

* * * LOW HITPOINT WARNING * * *
Unknown command.
It was a potion of degeneration.
There was something very wrong with that liquid.
You feel weakened.
You feel dopey.
You feel clumsy.
You feel sick. The adder barely misses you.
The goblin hits you with a +0 dagger.
* * * LOW HITPOINT WARNING * * *
It was a potion of curing.
You feel better. The adder closely misses you.
The goblin hits you but does no damage. The adder completely misses you.
It was a potion of might.
You feel very mighty all of a sudden. The goblin closely misses you.
The adder misses you.
You hit the goblin.
You kill the goblin!
The adder barely misses you.
You hit the adder.
The adder is almost dead.
The adder bites you.
You barely miss the adder.
The adder is almost dead.
The adder closely misses you.
You barely miss the adder.
The adder is almost dead.
The adder bites you but does no damage.
You puncture the adder!
You kill the adder!
You puncture the orc!
You kill the orc!
You barely miss something.
You hear some strange, mumbled words.
You are confused.
You bump into the rock wall.
You're too confused to move!
Something hits you but does no damage.
You're too confused to move!
The orc barely misses you. Something hits you.
You bump into the rock wall.
The orc hits you with a +0 club.
You hear some strange, mumbled words.
A magic dart appears from out of thin air!
The magic dart hits you!
You die...

.......# #.# .......###.# #.
........##.###..
#.[.....##.#>..
#.......##...# #.
#..[.........## #.#
#.......####..#
#.#####{......# ##.# ##
#####....oo@..##### #.##
.### #......######## #..##
....
..............##########..##
....
......#######.........###..#
###. .......#
#########..###.. # ...o....#
##...... .....!..# ######.
.......# #. ##


You could see 2 orcs.

Vanquished Creatures
  2 adders
  A worm (D:2)
  2 dart slugs
  An orc (D:3)
  5 ball pythons
  9 bats
  4 endoplasms
  3 giant cockroaches
  3 goblins
  7 hobgoblins
  3 jackals (D:1)
  A quokka (D:2)
  6 kobolds
  6 rats (D:1)
53 creatures vanquished.

Notes
Turn   | Place    | Note
-------+----------+-------------------------------------------
     0 | D:1      | cforsyth the Kobold Brigand began the quest for the Orb.
     0 | D:1      | Reached XP level 1. HP: 12/12 MP: 1/1
   127 | D:1      | Reached XP level 2. HP: 10/18 MP: 2/2
   515 | D:1      | Found a faded altar of an unknown god.
   548 | D:1      | Reached XP level 3. HP: 22/22 MP: 3/3
  1010 | D:2      | Reached XP level 4. HP: 27/27 MP: 4/4
  1058 | D:2      | Reached skill level 6 in Stealth
  1231 | D:2      | You fall into a shaft and drop 1 floor!
  1241 | D:3      | Found an ancient bone altar of Kikubaaqudgha.
  1536 | D:3      | Killed from afar by an orc wizard

Illustrated notes

Levels and vault maps discovered:
D:1:      roderic_octagonal_star, layout_rooms,
          shapermc_ecumenical_altar_pompeii, minmay_misc_feat_enclosed
D:2:      layout_rooms, reono_crystal_passage
D:3:      layout_rooms, grunt_temple_overflow_open, lemuel_crystal_altar

Skill      XL: |  1  2  3  4 |
---------------+-------------+-----
Short Blades   | 3 |  3.7
Dodging        | 2 |  2.6
Fighting       | 3 |  3.1
Stealth        | 6 |  6.1
Throwing       | |  2.1

Action                     |  1- 3 |  4- 6 || total
---------------------------+-------+-------++-------
  Melee: Dagger            |    79 |    37 ||   116
    Use: Potion            |       |     3 ||     3
   Stab: Sleeping          |    18 |     7 ||    25
 Armour: Robe              |     9 |    10 ||    19
  Dodge: Dodged            |    60 |    28 ||    88

Table legend: (Time is in decaauts)
 A = Elapsed time spent in this place.
 B = Non-inter-level travel time spent in this place.
 C = Inter-level travel time spent in this place.
 D = Time resting spent in this place.
 E = Time spent auto-exploring this place.
 F = Levels seen in this place.
 G = Mean time per level.
                   A        B        C        D        E       F      G
               +--------+--------+--------+--------+--------+-----+--------+
         Total |   1515 |   1448 |     67 |      0 |   1143 |   3 |  505.0 |
       Dungeon |   1515 |   1448 |     67 |      0 |   1143 |   3 |  505.0 |
               +--------+--------+--------+--------+--------+-----+--------+

Top non-repeatable levels by time:
     D:1: 766 daAuts
     D:2: 628 daAuts
     D:3: 120 daAuts
